 Dungeon Crawl Stone Soup version 0.23.2-33-g5129a83184 (webtiles) character file.

Game seed: 17244998262361465453

12051 dengdeng the Protected (level 11, 0/99 HPs)
             Began as a Minotaur Berserker on July 11, 2019.
             Was a High Priest of Trog.
             Killed by vampiric draining
             ... invoked by a vampire
              (10 damage)
             ... on level 10 of the Dungeon on July 16, 2019.
             The game lasted 00:39:24 (9690 turns).

dengdeng the Protected (Minotaur Berserker)         Turns: 9690, Time: 00:39:24

Health: 0/99       AC: 29    Str: 27    XL:     11   Next: 57%
Magic:  10/10      EV:  9    Int:  4    God:    Trog [*****.]
Gold:   613        SH:  0    Dex: 11    Spells: 10/10 levels left

rFire    . . .     SeeInvis .   y - +5 great mace (protect)
rCold    . . .     Gourm    .   (shield currently unavailable)
rNeg     . . .     Faith    .   D - +1 plate armour
rPois    .         Spirit   .   i - +2 hat
rElec    .         Reflect  .   r - +0 cloak
rCorr    +         Harm     .   h - +0 pair of gloves
MR       .....                  (no boots)
Stlth    ..........             O - amulet of rage
HPRegen  0.26/turn              x - +3 ring of strength
MPRegen  0.12/turn              w - ring of resist corrosion

@: protection aura, berserk cooldown, slowed, very slow
A: retaliatory headbutt, horns 2
a: Berserk, Trog's Hand, Brothers in Arms, Renounce Religion, Evoke Berserk Rage


You were on level 10 of the Dungeon.
You worshipped Trog.
Trog was extremely pleased with you.
You were hungry.

You visited 1 branch of the dungeon, and saw 10 of its levels.
You also visited: Sewer and Ossuary.

You collected 613 gold pieces.

Inventory:

Hand Weapons
 a - a +0 hand axe
 q - a +4 long sword of draining
 y - a +5 great mace of protection (weapon)
 J - the +7 flail of Kolubb {vamp, Stlth+}
   (You found it on level 5 of the Dungeon)

   It inflicts no extra harm, but heals its wielder when it wounds a living foe.
   It makes you more stealthy.
 U - a +9 antimagic short sword
Missiles
 e - 302 stones
 k - 14 tomahawks (quivered)
Armour
 h - a +0 pair of gloves (worn)
 i - a +2 hat (worn)
 r - a +0 cloak (worn)
 D - a +1 plate armour (worn)
Jewellery
 w - a ring of resist corrosion (right hand)
 x - a +3 ring of strength (left hand)
 O - an amulet of rage (around neck)
Wands
 R - a wand of disintegration (14)
 S - a wand of random effects (13)
 W - a wand of acid (10)
Scrolls
 d - 2 scrolls of remove curse
 j - 5 scrolls of enchant weapon
 l - 4 scrolls of teleportation
 m - 2 scrolls of immolation {unknown}
 p - 4 scrolls of enchant armour
 t - 5 scrolls of identify
 B - 3 scrolls of amnesia {unknown}
 E - a scroll of fear {unknown}
 F - a scroll of blinking {unknown}
 M - a scroll of noise {unknown}
 Q - a scroll of magic mapping {unknown}
 V - a scroll of torment {unknown}
Potions
 b - 2 potions of berserk rage {unknown}
 f - 8 potions of curing
 g - 4 potions of degeneration {unknown}
 n - 4 potions of brilliance {unknown}
 o - a potion of haste {unknown}
 s - a potion of lignification {unknown}
 u - 2 potions of mutation {unknown}
 v - 3 potions of heal wounds {unknown}
 z - 3 potions of magic {unknown}
 A - a potion of agility {unknown}
 G - a potion of resistance {unknown}
 H - a potion of might
 I - a potion of invisibility {unknown}
 L - 5 potions of flight {unknown}
Comestibles
 c - 16 rations
 C - 16 chunks of flesh


   Skills:
 + Level 10.0 Fighting
 + Level 7.5 Long Blades
 + Level 6.7(9.6) Axes
 + Level 10.7(11.4) Maces & Flails
 + Level 1.4 Throwing
 + Level 13.2 Armour
 + Level 3.6 Dodging
 + Level 1.2 Stealth


You had 10 spell levels left.
You didn't know any spells.
Your spell library was empty.

Dungeon Overview and Level Annotations

Branches:
Dungeon (10/15)            Temple (0/1) D:6            Lair (0/6) D:8
    Orc (0/2) D:10

Altars:
Ashenzari
Cheibriados
Dithmenos
Gozag
Kikubaaqudgha
Makhleb
Ru
Sif Muna
Trog
Uskayaw
Vehumet
Yredelemnul
Zin
The Shining One


Innate Abilities, Weirdness & Mutations

You reflexively headbutt those who attack you in melee.
You have a pair of horns on your head.


Message History

You feel sick. The wight closely misses you.
You thump the wight!
The wight is almost destroyed.
The wight hits you but does no damage. x2
You beat the wight like a drum!!!
You destroy the wight!
Trog accepts your kill.
Your Fighting skill increases to level 10!
You miss something. You headbutt something.
You feel sick.
You are no longer poisoned.
Something hits you but does no damage. Something bites you but does no damage.
You hear some strange, mumbled words.
Something tries to affect you, but you resist.
You hit something. You headbutt something.
Something hits you but does no damage. Something bites you.
* * * LOW HITPOINT WARNING * * *
Something draws strength from your injuries!
Something hits you but does no damage. Something bites you but does no damage.
You closely miss something.
Unholy energy fills the air.
You die...

. ..# #.... (.#
########... .##
#......#... ..... .
#......#.. ...... .
##......#.. ......
.#######[......#.# ......
...............#.##.....#
..#######......#@#......#
..# #####....(.#)#......#
..###......(..(((.).....#
......##########..).....#
..##### ##)##...## .†#
..# #.# .÷# .### # ..# ##
.# ..####... ..


There were no monsters in sight!

Vanquished Creatures
  7 death yaks
  An ugly thing (D:9)
  A hornet (D:10)
  2 hippogriffs
  Grinder (D:6)
  A vampire (D:10)
  A wraith (D:9)
  Eustachio (D:6)
  A wyvern (D:10)
  A hungry ghost (D:9)
  A water moccasin (D:7)
  3 ice beasts
  2 sky beasts
  4 orc warriors
  2 necrophages (D:9)
  A phantom (D:6)
  5 ogres
  5 centaurs
  A big kobold (Sewer)
  Blork the orc (D:4)
  An elf skeleton (D:9)
  6 bullfrogs
  A wyvern zombie (Ossuary)
  A water moccasin skeleton (D:9)
  A scorpion (D:5)
  12 wights
  A troll skeleton (D:9)
  A crimson imp (D:5)
  4 howler monkeys
  4 bullfrog zombies
  6 human zombies (D:9)
  2 centaur zombies
  5 hounds
  9 orc wizards
  A bullfrog skeleton (D:4)
  5 jellies
  7 orc priests
  3 centaur skeletons
  2 iguanas (D:10)
  5 worker ants
  3 killer bee zombies
  A hound skeleton (D:4)
  5 hound zombies
  12 mummies
  7 worker ant zombies
  A howler monkey skeleton (D:8)
  5 gnolls
  3 river rats (Sewer)
  13 adders
  3 shadow imps
  3 adder zombies (Ossuary)
  3 worms
  2 dart slugs
  4 leopard geckos
  22 orcs
  10 bats
  7 giant cockroaches
  7 goblins
  3 hobgoblins
  10 jackals
  10 kobolds
  4 quokkas
  A ball python (D:6)
  A frilled lizard (D:3)
  2 giant cockroach zombies (Ossuary)
  A jackal skeleton (D:8)
  2 leopard gecko zombies (Ossuary)
  A quokka skeleton (D:8)
  3 quokka zombies
  4 rats
272 creatures vanquished.

Vanquished Creatures (others)
  3 withered plants (Ossuary)
3 creatures vanquished.

Grand Total: 275 creatures vanquished

Notes
Turn   | Place    | Note
-------+----------+-------------------------------------------
     0 | D:1      | dengdeng the Minotaur Berserker began the quest for the
                  | Orb.
     0 | D:1      | Reached XP level 1. HP: 19/19 MP: 0/0
   105 | D:1      | Reached XP level 2. HP: 27/27 MP: 1/1
   490 | D:2      | Reached XP level 3. HP: 33/33 MP: 2/2
   593 | D:2      | Found a sacrificial altar of Ru.
   792 | D:2      | Reached ** piety under Trog
  1228 | D:3      | Reached XP level 4. HP: 41/41 MP: 3/3
  1449 | D:3      | Reached skill level 3 in Armour
  1829 | D:4      | Reached skill level 5 in Axes
  1830 | D:4      | Reached skill level 5 in Fighting
  1831 | D:4      | Found a hide-covered altar of Uskayaw.
  1870 | D:4      | Reached XP level 5. HP: 42/48 MP: 4/4
  2075 | D:4      | Found an opulent altar of Gozag.
  2175 | D:4      | Noticed an ogre
  2184 | D:4      | Killed an ogre
  2184 | D:4      | Reached skill level 4 in Armour
  2184 | D:4      | Reached XP level 6. HP: 26/56 MP: 5/5
  2359 | D:4      | Noticed Blork the orc
  2365 | D:4      | Killed Blork the orc
  2478 | D:4      | Found a glowing golden altar of the Shining One.
  2575 | D:4      | Found a bloodstained altar of Trog.
  2630 | D:4      | Reached skill level 5 in Armour
  2725 | D:4      | Found a burning altar of Makhleb.
  2879 | D:5      | Entered Level 5 of the Dungeon
  2919 | D:5      | Reached XP level 7. HP: 60/62 MP: 6/6
  2960 | D:5      | Found an ancient bone altar of Kikubaaqudgha.
  2987 | D:5      | Reached skill level 1 in Long Blades
  3133 | D:5      | Reached skill level 6 in Armour
  3372 | D:5      | Found a sand-covered staircase.
  3379 | Ossuary  | Entered an ossuary
  3485 | Ossuary  | Reached *** piety under Trog
  3521 | Ossuary  | Reached XP level 8. HP: 67/71 MP: 7/7
  3674 | Ossuary  | Reached skill level 5 in Long Blades
  3745 | Ossuary  | Reached skill level 7 in Armour
  3934 | D:5      | Got a twisted flail
  4433 | D:6      | Noticed Eustachio
  4453 | D:6      | Killed Eustachio
  4453 | D:6      | Reached **** piety under Trog
  4479 | D:6      | Found a glowing drain.
  4508 | Sewer    | Entered a sewer
  4523 | Sewer    | Reached skill level 8 in Armour
  4973 | Sewer    | Found a glowing silver altar of Zin.
  5085 | D:6      | Reached XP level 9. HP: 78/79 MP: 8/8
  5126 | D:6      | Identified the +7 flail of Kolubb {vamp, Stlth+} (You found
                  | it on level 5 of the Dungeon)
  5162 | D:6      | Noticed Grinder
  5189 | D:6      | Killed Grinder
  5256 | D:6      | Found a shattered altar of Ashenzari.
  5267 | D:6      | Found a staircase to the Ecumenical Temple.
  5408 | D:6      | Reached skill level 1 in Maces & Flails
  5408 | D:6      | Reached skill level 9 in Armour
  5973 | D:7      | Found a deep blue altar of Sif Muna.
  6367 | D:7      | Reached ***** piety under Trog
  6402 | D:7      | Found a snail-covered altar of Cheibriados.
  6725 | D:8      | Noticed a death yak
  6746 | D:8      | Killed a death yak
  6746 | D:8      | Reached skill level 5 in Maces & Flails
  6746 | D:8      | Reached skill level 10 in Armour
  6877 | D:8      | Found a staircase to the Lair.
  6877 | D:8      | Noticed a death yak
  6880 | D:8      | Noticed a death yak
  6881 | D:8      | Noticed a death yak
  6881 | D:8      | Noticed a death yak
  6894 | D:8      | Noticed a death yak
  6905 | D:7      | HP: 3/81 [death yak (14)]
  6910 | D:7      | Killed a death yak
  6910 | D:7      | Reached XP level 10. HP: 19/88 MP: 9/9
  7220 | D:8      | Noticed a death yak
  7232 | D:7      | Killed a death yak
  7232 | D:7      | Reached skill level 1 in Throwing
  7232 | D:7      | Reached skill level 11 in Armour
  7463 | D:8      | Killed a death yak
  7515 | D:8      | Killed a death yak
  7521 | D:8      | Killed a death yak
  7521 | D:8      | Reached skill level 12 in Armour
  7526 | D:8      | Killed a death yak
  7855 | D:8      | Reached XP level 11. HP: 93/95 MP: 10/10
  8352 | D:9      | Reached skill level 1 in Stealth
  8436 | D:9      | Received a gift from Trog
  8549 | D:9      | Found a shadowy altar of Dithmenos.
  8630 | D:9      | Noticed a purple ugly thing
  8643 | D:9      | Killed a purple ugly thing
  8818 | D:9      | Reached skill level 13 in Armour
  9095 | D:9      | Found a glowing silver altar of Zin.
  9224 | D:9      | Found a burning altar of Makhleb.
  9262 | D:9      | Found a radiant altar of Vehumet.
  9344 | D:9      | Found a basalt altar of Yredelemnul.
  9446 | D:10     | Entered Level 10 of the Dungeon
  9454 | D:10     | Reached skill level 10 in Maces & Flails
  9504 | D:10     | Received a gift from Trog
  9542 | D:10     | Found a staircase to the Orcish Mines.
  9687 | D:10     | Reached skill level 10 in Fighting
  9690 | D:10     | Killed from afar by a vampire

Skill      XL: |  1  2  3  4  5  6  7  8  9 10 11 |
---------------+----------------------------------+-----
Axes           | 4 5 6 |  6.7
Fighting       | 4 5 6 7 8 10 | 10.0
Armour         | 3 4 5 6 8 10 12 13 | 13.2
Dodging        | 3 |  3.6
Long Blades    | 3 7 |  7.5
Maces & Flails | 6 8 10 | 10.7
Throwing       | 1 |  1.4
Stealth        | 1 |  1.2

Action                   |  1- 3 |  4- 6 |  7- 9 | 10-12 || total
-------------------------+-------+-------+-------+-------++-------
Melee: Hand axe          |    55 |    49 |       |       ||   104
       Headbutt          |     5 |    12 |    65 |    87 ||   169
       Long sword        |       |    21 |   194 |       ||   215
       Flail             |       |       |   113 |   286 ||   399
       Great mace        |       |       |       |    47 ||    47
Throw: Stone             |     9 |     3 |     1 |       ||    13
       Tomahawk          |       |       |     3 |       ||     3
Invok: Berserk           |       |       |     2 |     3 ||     5
  Use: Scroll            |       |       |     1 |     4 ||     5
  Eat: Chunk             |     1 |     5 |     8 |     8 ||    22
       Ration            |       |       |     3 |     2 ||     5
Armor: Animal skin       |    15 |       |       |       ||    15
       Ring mail         |     9 |       |       |       ||     9
       Scale mail        |     1 |    20 |       |       ||    21
       Chain mail        |       |    18 |    72 |       ||    90
       Plate armour      |       |       |   146 |   271 ||   417
Dodge: Dodged            |    44 |    34 |   191 |   159 ||   428
       Rpst.: Long sword |       |     2 |    42 |       ||    44
